 Dungeon Crawl Stone Soup version 0.20.0-4-g10b340a (webtiles) character file.

1461 Apogee the Cleaver (level 8, -2/67 HPs)
             Began as a Minotaur Fighter on May 27, 2017.
             Slain by a yak (11 damage)
             ... on level 5 of the Dungeon.
             The game lasted 00:06:26 (4353 turns).

Apogee the Cleaver (Minotaur Fighter)               Turns: 4353, Time: 00:06:27

Health: -2/67      AC:  9    Str: 23    XL:     8   Next: 48%
Magic:  7/7        EV:  8    Int:  5    God:
Gold:   254        SH:  0    Dex: 16    Spells: 7/7 levels left

rFire    . . .     SeeInvis .   a - +0 war axe
rCold    . . .     Gourm    .   (no shield)
rNeg     . . .     Faith    .   j - +0 chain mail
rPois    .         Spirit   .   (helmet restricted)
rElec    .         Reflect  .   (no cloak)
rCorr    .         Harm     .   (no gloves)
MR       .....                  (no boots)
Stlth    ..........             (no amulet)
Regen    0.3/turn               D - +6 ring of dexterity
MPRegen  0.1/turn               (no ring)

@: no status effects
A: retaliatory headbutt, horns 2
a: no special abilities


You were on level 5 of the Dungeon.
You were not hungry.

You visited 2 branches of the dungeon, and saw 6 of its levels.

You collected 254 gold pieces.


Innate Abilities, Weirdness & Mutations

You reflexively headbutt those who attack you in melee.
You have a pair of horns on your head.


   Skills:
 + Level 4.9 Fighting
 - Level 12.1 Axes
 - Level 3.6 Armour
 - Level 3.6 Shields


You had 7 spell levels left.
You didn't know any spells.

Inventory:

Hand Weapons
 a - a +0 war axe (weapon)
Missiles
 B - 6 tomahawks (quivered)
Armour
 c - a +0 shield
 g - a cursed +0 cloak
 j - a +0 chain mail (worn)
 A - the scarf of the Black Moon {Str+3, unknown}

   It affects your strength (+3).
Jewellery
 D - a +6 ring of dexterity (left hand)
Wands
 G - a wand of acid (8/15)
Scrolls
 b - 4 scrolls of identify {unknown}
 e - a scroll of teleportation {unknown}
 i - 3 scrolls of remove curse {unknown}
 m - a scroll of recharging {unknown}
 n - 2 scrolls of fear {unknown}
 o - a scroll of enchant armour {unknown}
 p - a scroll of enchant weapon {unknown}
 r - 2 scrolls of immolation {unknown}
 w - a scroll of blinking {unknown}
 y - a scroll of amnesia {unknown}
 F - a scroll of holy word {unknown}
Potions
 d - 3 potions of might
 h - a potion of flight {unknown}
 l - 3 potions of lignification {unknown}
 q - a potion of mutation {unknown}
 t - a potion of berserk rage {unknown}
 u - a potion of agility {unknown}
 v - 2 potions of curing {unknown}
 x - 2 potions of degeneration {unknown}
 C - 2 potions of brilliance {unknown}
Comestibles
 f - 3 bread rations
 k - a royal jelly
 s - a meat ration
 z - 2 fruits
 E - 9 chunks of flesh

Dungeon Overview and Level Annotations

Branches:
Dungeon (5/15)             Temple (1/1) D:4

Altars:
Cheibriados
Elyvilon
Fedhas
Kikubaaqudgha
Nemelex Xobeh
Qazlal
Ru
Sif Muna
Trog
Uskayaw
Vehumet
Yredelemnul
Zin
The Shining One

▒▒▒▒▒▒▒▒ .....▒.▒▒
▒..▒.▒▒ ▒▒▒▒
▒▒▒▒.▒▒▒.▒▒▒▒▒▒▒..
▒..<▒▒ ▒▒.....▒▒Y▒
▒.▒▒.▒▒▒.▒▒▒▒.▒▒H▒▒▒▒
▒.▒▒..▒.▒▒ ▒.......▒
.....▒.▒▒ ▒▒▒▒.▒▒.▒.▒
▒...▒ ▒.▒▒▒▒▒▒
▒.......▒ ▒...▒ ..▒
........▒ ▒...▒ ▒▒▒
▒▒▒▒....▒ ▒...▒ ▒
▒.▒...▒▒▒▒▒...▒▒ ▒
... ▒..............
▒▒▒ ...
▒........>....


You could see a yak.


Message History

The yak gores you but does no damage.
You slash the yak! You headbutt the yak, but do no damage.
The yak is heavily wounded.
The yak completely misses you.
You hit the yak. You headbutt the yak!
The yak is almost dead.
The yak gores you!
* * * LOW HITPOINT WARNING * * *
You slash the yak!
You kill the yak!
Your Fighting skill increases to level 4!
You hit the yak.
The yak is lightly wounded.
The yak barely misses you. You furiously retaliate!
You headbutt the yak! You hit the yak.
The yak is moderately wounded.
The yak gores you!
* * * LOW HITPOINT WARNING * * *
You hit the yak but do no damage. You headbutt the yak, but do no damage.
The yak is moderately wounded.
The yak gores you but does no damage.
You barely miss the yak.
The yak is moderately wounded.
The yak gores you!
You die...

Action                   |  1- 3 |  4- 6 |  7- 9 || total
-------------------------+-------+-------+-------++-------
Melee: War axe           |    78 |   158 |    85 ||   321
       Headbutt          |    11 |    27 |    25 ||    63
Throw: Tomahawk          |       |       |    14 ||    14
  Eat: Chunk             |     1 |     7 |     3 ||    11
Armor: Scale mail        |    20 |       |       ||    20
       Chain mail        |    31 |    68 |    38 ||   137
Dodge: Dodged            |    38 |    60 |    23 ||   121
Block: Shield            |     3 |       |       ||     3

Vault maps used:
D:1:      scummos_arrival_forest
D:2:      elyvilon_altar_1, uniq_crazy_yiuf_cottage, uniq_robin
D:3:      nicolae_overflow_hidden_temple, first_bread, kennysheep_cross_room
D:4:      minmay_temple_entry_purple_smoke
D:5:      overflow_temple_1_default, okawaru_metal_pillars_3, uniq_eustachio,
          uniq_duvessa, uniq_ijyb
Temple:   nicolae_temple_x_marks_the_god

Notes
Turn   | Place    | Note
-------+----------+-------------------------------------------
     0 | D:1      | Apogee the Minotaur Fighter began the quest for the Orb.
     0 | D:1      | Reached XP level 1. HP: 19/19 MP: 0/0
   233 | D:1      | Reached skill level 3 in Axes
   236 | D:1      | Reached XP level 2. HP: 11/26 MP: 1/1
   612 | D:1      | Reached skill level 4 in Axes
   715 | D:1      | Reached XP level 3. HP: 31/31 MP: 2/2
  1306 | D:2      | Reached skill level 5 in Axes
  1353 | D:2      | Noticed Robin
  1362 | D:2      | Reached XP level 4. HP: 39/39 MP: 3/3
  1378 | D:2      | Killed Robin
  1571 | D:2      | Reached skill level 6 in Axes
  1701 | D:2      | Reached XP level 5. HP: 30/45 MP: 4/4
  1885 | D:2      | Found a white marble altar of Elyvilon.
  2027 | D:2      | Found a runed door.
  2071 | D:2      | Noticed a phantom
  2126 | D:2      | Killed a phantom
  2126 | D:2      | Reached skill level 7 in Axes
  2288 | D:2      | Noticed Crazy Yiuf
  2292 | D:2      | Killed Crazy Yiuf
  2292 | D:2      | Reached XP level 6. HP: 47/51 MP: 5/5
  2358 | D:3      | Noticed skittles's ghost (amateur DrFE)
  2366 | D:3      | Killed skittles's ghost
  2366 | D:3      | Reached skill level 8 in Axes
  2964 | D:3      | Found an ancient bone altar of Kikubaaqudgha.
  3231 | D:4      | Found a staircase to the Ecumenical Temple.
  3254 | Temple   | Entered the Ecumenical Temple
  3329 | D:4      | Reached skill level 9 in Axes
  3590 | D:4      | Reached XP level 7. HP: 42/57 MP: 6/6
  3803 | D:4      | Reached skill level 10 in Axes
  4129 | D:5      | Entered Level 5 of the Dungeon
  4165 | D:5      | Got an ichor-stained scarf
  4245 | D:5      | Noticed Ijyb
  4248 | D:5      | Reached skill level 11 in Axes
  4248 | D:5      | Reached XP level 8. HP: 64/64 MP: 7/7
  4252 | D:5      | Killed Ijyb
  4345 | D:5      | Reached skill level 12 in Axes
  4349 | D:5      | Reached skill level 4 in Fighting
  4353 | D:5      | Slain by a yak

Vanquished Creatures
  3 yaks (D:5)
  A sky beast (D:5)
  2 phantoms
  An ogre (D:5)
  The ghost of skittles the Firebug, an amateur DrFE (D:3)
  A scorpion (D:4)
  2 crimson imps
  A centaur zombie (D:4)
  A hound (D:4)
  Crazy Yiuf (D:2)
  An iguana (D:4)
  A bullfrog skeleton (D:4)
  Ijyb (D:5)
  An orc wizard (D:4)
  2 worker ants (D:4)
  Robin (D:2)
  7 gnolls
  3 adders (D:2)
  An adder skeleton (D:4)
  4 worms
  4 dart slugs
  4 leopard geckos
  8 orcs
  6 ball pythons
  4 giant cockroaches
  13 goblins
  12 hobgoblins
  12 jackals
  7 kobolds
  2 quokkas
  10 bats
  6 frilled lizards
  A quokka skeleton (D:4)
  7 rats
132 creatures vanquished.
